Cogmind - Beta 14 @@@ ROGUE MODE // 2024.12.22 @ 11:24:33 Player: abnormality Result: Destroyed by as-04687 with Assembled F-torch Performance ------------- Evolutions (0) 0 Regions Visited (4) 800 Robots Destroyed (21) 105 Value Destroyed (417) 417 Prototype IDs (0) 0 Alien Tech Used (0) 0 Bonus (0) 0 TOTAL SCORE: 1322 Bonus ------- None Cogmind --------- Core Integrity 0/250 Matter 176/300 Energy 123/125 System Corruption 0% Temperature Cool (40) Movement Walking (120) Location -9/Mines Parts ------- > --- POWER (1) -------- Light Ion Engine > --- PROPULSION (2) --- Aluminum Leg Aluminum Leg > --- UTILITY (2) ------ Medium Storage Unit Seismic Detector > --- WEAPON (2) ------- Light Assault Rifle Light Assault Rifle > --- INVENTORY (10) --- Light Ion Engine Small Storage Unit Heavy Explosive Trap Heavy Explosive Trap Heavy Explosive Trap Peak State ------------ > --- POWER ------------ Deuterium Engine > --- PROPULSION ------- Aluminum Leg Aluminum Leg > --- UTILITY ---------- Small Storage Unit Seismic Detector > --- WEAPON ----------- Light Assault Rifle Light Assault Rifle > --- INVENTORY -------- Light Ion Engine Aluminum Leg Aluminum Leg Aluminum Leg Seismic Detector Light Assault Rifle [Rating: 9] Favorites ----------- Power Light Ion Engine Engine Light Ion Engine Propulsion Aluminum Leg Leg Aluminum Leg Utility Small Storage Unit Device Seismic Detector Storage Small Storage Unit Weapon Light Assault Rifle Ballistic Gun Light Assault Rifle Launcher Grenade Launcher Build | -11 -10 -10 -10 -9 ------- Run | Yrd Mat Min Exi Min Slots Evolved . | . . . . . Power . | . . . . . Propulsion . | . . . . . Utility . | . . . . . Weapon . | . . . . . Parts Attached 19 | 7 4 7 . 1 Power 5 | 1 2 2 . . Engine 5 | 1 2 2 . . Core . | . . . . . Reactor . | . . . . . Propulsion 5 | 2 . 3 . . Treads . | . . . . . Leg 5 | 2 . 3 . . Wheel . | . . . . . Hover . | . . . . . Flight . | . . . . . Utility 4 | 2 . 1 . 1 Device 2 | 1 . 1 . . Storage 2 | 1 . . . 1 Processor . | . . . . . Hackware . | . . . . . Protection . | . . . . . Artifact . | . . . . . Weapon 5 | 2 2 1 . . Energy Gun . | . . . . . Energy Cannon . | . . . . . Ballistic Gun 4 | 2 1 1 . . Ballistic Cannon . | . . . . . Launcher 1 | . 1 . . . Special Weapon . | . . . . . Impact Weapon . | . . . . . Slashing Weapon . | . . . . . Piercing Weapon . | . . . . . Special Melee Weapon . | . . . . . Unidentified Prototypes . | . . . . . Parts Lost 9 | . 3 6 . . Power 3 | . 2 1 . . Propulsion 3 | . . 3 . . Utility 1 | . . 1 . . Weapon 2 | . 1 1 . . Highest Loss Streak 4 | . 3 4 . . To Critical Strikes . | . . . . . Average Slot Usage (%) 96 | . 98 95 100 100 Engine 13 | . 13 13 14 14 Leg 26 | . 28 24 28 28 Device 13 | . 14 13 14 14 Storage 14 | . 14 14 14 14 Ballistic Gun 25 | . 21 27 28 28 Launcher 2 | . 6 . . . Peak Build Rating 9 | 7 7 9 7 7 Average Rating 6 | 5 6 7 7 7 On Entrance 5 | . 7 7 7 7 Naked Turns . | . . . . . Heaviest Build 17 | 13 15 17 11 16 Greatest Support 20 | 20 20 20 20 20 Greatest Overweight (x) 1 | . . 1 . . Average Overweight (x) . | . . . . . Largest Inventory Capacity 10 | 8 8 8 8 10 Average Capacity 7 | 7 8 8 8 9 Most Carried 8 | 4 8 6 4 5 Average Carried 3 | 2 4 3 4 4 Final Capacity 10 | 8 8 8 8 10 Final Carried 5 | 3 5 4 4 5 Class Distribution -------------------- 100% | Mutant Dominant Class ---------------- Mutant | -10/Materials Mutant | -10/Mines Mutant | -10/Exiles Mutant | -9/Mines Resources | -11 -10 -10 -10 -9 ----------- Run | Yrd Mat Min Exi Min Matter Collected 465 | 266 92 107 . . Remotely . | . . . . . Salvage Created 592 | 43 432 117 . . Parts 39 | 8 21 10 . . Haulers Intercepted 1 | . 1 . . . Recyclers Shooed . | . . . . . Parts Field Recycled . | . . . . . Retrieved Matter . | . . . . . Parts Self-Destructed . | . . . . . Prevented . | . . . . . Kills | -11 -10 -10 -10 -9 ------- Run | Yrd Mat Min Exi Min Combat Hostiles Destroyed 13 | . 8 5 . . Guns 7 | . 2 5 . . AOE 6 | . 6 . . . Classes Destroyed 7 | 1 6 . . . Tunneler 2 | 2 . . . . Hauler 1 | . 1 . . . Recycler 3 | . 3 . . . Operator 1 | . 1 . . . Watcher 1 | . 1 . . . Swarmer 6 | . 3 3 . . Grunt 7 | . 5 2 . . Best Kill Streak 7 | 2 7 3 . . Combat Bots Only 5 | . 5 3 . . Max Kills in Single Turn 3 | 1 3 1 . . Gunslinging . | . . . . . Exploded 3 | . 3 . . . Melee . | . . . . . Uniques/NPCs Destroyed . | . . . . . Combat | -11 -10 -10 -10 -9 -------- Run | Yrd Mat Min Exi Min Hostile Shots Fired 111 | . 60 46 . 5 Missed 37 | . 26 10 . 1 Damage Taken 1001 | . 465 488 . 48 Core 261 | . 119 130 . 12 Absorbed by Shields . | . . . . . Core Remaining (%) 100 | 100 . . . . Volleys Fired 85 | 5 52 25 . 3 Largest 2 | 2 2 2 . 2 Hottest 50 | 40 50 40 . 40 Shots Fired 154 | 10 93 45 . 6 Gun 144 | 10 83 45 . 6 Cannon . | . . . . . Launcher 10 | . 10 . . . Special . | . . . . . Kinetic 144 | 10 83 45 . 6 Thermal . | . . . . . Explosive 10 | . 10 . . . Electromagnetic . | . . . . . Robot Hit Streak 10 | 5 5 7 . 10 Robot Miss Streak 3 | 2 3 3 . 1 Penetration Max . | . . . . . Secondary Targets . | . . . . . Shots Hit Robots 50 | 7 12 26 . 5 Core Hits 40 | 4 23 11 . 2 Critical Kills . | . . . . . Critical Parts Destroyed . | . . . . . Critical Strikes . | . . . . . Melee Attacks . | . . . . . Impact . | . . . . . Slashing . | . . . . . Piercing . | . . . . . Sneak Attacks . | . . . . . Combat Hostiles . | . . . . . Follow-up Attacks . | . . . . . Damage Inflicted 1080 | 54 767 223 . 36 Guns 441 | 54 128 223 . 36 Cannons . | . . . . . Explosions 639 | . 639 . . . Melee . | . . . . . Ramming . | . . . . . Kinetic 441 | 54 128 223 . 36 Thermal . | . . . . . Explosive 639 | . 639 . . . Electromagnetic . | . . . . . Impact . | . . . . . Slashing . | . . . . . Piercing . | . . . . . Highest Corruption . | . . . . . Average Corruption . | . . . . . Corruption Purged . | . . . . . Corruption Blocked . | . . . . . Overload Shots . | . . . . . Overflow Damage 41 | . 41 . . . Projectiles . | . . . . . Explosions 41 | . 41 . . . Melee . | . . . . . Knockbacks . | . . . . . Impact . | . . . . . Kinetic . | . . . . . Secondary . | . . . . . Self-Inflicted Damage 136 | . 136 . . . Shots 5 | . 5 . . . Rammed . | . . . . . Targets Rammed . | . . . . . Kicked . | . . . . . Crushed . | . . . . . Highest Temperature 34 | . 22 34 . 20 Average Temperature 10 | . 7 12 . 20 Received Heat Transfer 376 | . 108 228 . 40 Siege Activations . | . . . . . Robots Corrupted . | . . . . . Combat Hostiles . | . . . . . Parts Fried . | . . . . . Impact Corruptions . | . . . . . Robots Melted . | . . . . . Combat Hostiles . | . . . . . Parts Melted . | . . . . . Heat Transferred . | . . . . . Parts Sabotaged . | . . . . . Parts Stolen . | . . . . . Parts Stripped . | . . . . . Power Chain Reactions . | . . . . . Alert | -11 -10 -10 -10 -9 ------- Run | Yrd Mat Min Exi Min Peak Influence 369 | 10 369 203 . . Initial 143 | . 6 143 . . Average 116 | 2 148 127 . . Maximum Alert Level 1 | . 1 1 . . Low Security (%) 78 | 100 49 91 . 100 Level 1 21 | . 50 8 . . Level 2 . | . . . . . Level 3 . | . . . . . Level 4 . | . . . . . Level 5 . | . . . . . High Security . | . . . . . Max Security . | . . . . . Squads Dispatched 2 | . 2 . . . Investigation . | . . . . . Extermination . | . . . . . Reinforcement 2 | . 2 . . . Assault . | . . . . . Garrison . | . . . . . Intercept . | . . . . . Searches Triggered . | . . . . . Construction Impeded . | . . . . . Haulers Reinforced . | . . . . . Active Scanning Responses . | . . . . . Cargo Convoy Interrupts . | . . . . . Stealth | -11 -10 -10 -10 -9 --------- Run | Yrd Mat Min Exi Min Distress Signals . | . . . . . Communications Jammed . | . . . . . Distress Signals . | . . . . . Times Spotted 22 | . 14 5 . 3 Peak Tracking Total 5 | . 5 3 . 3 Tactical Retreats . | . . . . . Traps | -11 -10 -10 -10 -9 ------- Run | Yrd Mat Min Exi Min Traps Triggered 1 | . . 1 . . Indirectly . | . . . . . Trap Hack Attempts . | . . . . . Triggered . | . . . . . Disarmed . | . . . . . Reprogrammed . | . . . . . Reused . | . . . . . Traps Extracted . | . . . . . Installed . | . . . . . Triggered . | . . . . . Most Traps Carried 4 | . . 4 3 3 Machines | -11 -10 -10 -10 -9 ---------- Run | Yrd Mat Min Exi Min Machines Disabled 5 | . 5 . . . Max in Single Turn 2 | . 2 . . . Machines Repaired . | . . . . . Machines Dismantled . | . . . . . Machines Sabotaged . | . . . . . Overloaded Fab Kills . | . . . . . Hacking | -11 -10 -10 -10 -9 --------- Run | Yrd Mat Min Exi Min Machines Accessed 2 | . 1 1 . . Terminals 1 | . 1 . . . Fabricators . | . . . . . Repair Stations . | . . . . . Recycling Units . | . . . . . Scanalyzers . | . . . . . Garrison Access . | . . . . . Total Hacks 3 | . 2 1 . . Successful 1 | . . 1 . . Failed 2 | . 2 . . . Catastrophic 1 | . 1 . . . Database Lockouts . | . . . . . Manual . | . . . . . Terminals 2 | . 2 . . . Fabricators . | . . . . . Repair Stations . | . . . . . Recycling Units . | . . . . . Scanalyzers . | . . . . . Garrison Access . | . . . . . Terminal Hacks 1 | . . 1 . . Open Door 1 | . . 1 . . Fabricator Hacks . | . . . . . Repair Station Hacks . | . . . . . Recycling Unit Hacks . | . . . . . Scanalyzer . | . . . . . Garrison Access Hacks . | . . . . . Unauthorized Hacks . | . . . . . Terminals . | . . . . . Fabricators . | . . . . . Repair Stations . | . . . . . Recycling Units . | . . . . . Scanalyzers . | . . . . . Garrison Access . | . . . . . Data Cores Recovered . | . . . . . Used . | . . . . . Hacking Detections 1 | . 1 . . . Full Trace Events 1 | . 1 . . . Feedback Events . | . . . . . Feedback Blocked . | . . . . . Robot Schematics Acquired . | . . . . . Robots Built . | . . . . . Authchips . | . . . . . Time . | . . . . . Total Robot Build Rating . | . . . . . Part Schematics Acquired . | . . . . . Parts Built . | . . . . . Authchips . | . . . . . Time . | . . . . . Total Part Build Rating . | . . . . . Parts Repaired . | . . . . . Time . | . . . . . Parts Recycled . | . . . . . Recycled Matter . | . . . . . Retrieved Matter . | . . . . . Retrieved Components . | . . . . . Parts Scanalyzed . | . . . . . Part Schematics Acquired . | . . . . . Parts Damaged . | . . . . . Bothacking | -11 -10 -10 -10 -9 ------------ Run | Yrd Mat Min Exi Min Used RIF Installer . | . . . . . Robots Hacked . | . . . . . Non-combat . | . . . . . Combat . | . . . . . Robot Hacks Applied . | . . . . . Relay Couplers Released . | . . . . . Fabnet Peak Effective % . | . . . . . Robots Rewired . | . . . . . Allies Hacked . | . . . . . Hacks Repelled . | . . . . . Allies | -11 -10 -10 -10 -9 -------- Run | Yrd Mat Min Exi Min Total Allies . | . . . . . Largest Group . | . . . . . Highest-Rated Group . | . . . . . Highest-Rated Ally . | . . . . . Total Orders . | . . . . . Ally Attacks . | . . . . . Total Damage . | . . . . . Kills . | . . . . . Allies Corrupted . | . . . . . Allies Melted . | . . . . . Intel | -11 -10 -10 -10 -9 ------- Run | Yrd Mat Min Exi Min Robot Analysis Total . | . . . . . Derelict Logs Recovered 2 | . . 2 . . Drone Launches . | . . . . . Drone Recoveries . | . . . . . Exploration | -11 -10 -10 -10 -9 ------------- Run | Yrd Mat Min Exi Min Turns Passed 893 | 80 280 459 35 39 Spaces Moved 534 | 50 119 309 30 26 Core 13 | 13 . . . . Treads . | . . . . . Legs 521 | 37 119 309 30 26 Wheels . | . . . . . Hover . | . . . . . Flight . | . . . . . Fastest Speed 50 | 50 120 120 120 120 Average Speed 120 | 101 120 124 120 120 Slowest Speed 190 | 120 120 190 120 120 Overloaded Moves . | . . . . . Propulsion Burnouts . | . . . . . Robots Hopped . | . . . . . Cave-ins Triggered . | . . . . . Exploration Rate (%) 21 | 4 26 60 8 9 Regions Visited 4 Branch Regions 3 Pre-discovered Areas 1 | . . 1 . . Known Exits Taken . | . . . . . Unknown Exits Taken 4 | 1 1 1 1 . Scrap Searched . | . . . . . Spaces Dug . | . . . . . Terrain Destroyed 66 | . 66 . . . Melee . | . . . . . Projectile . | . . . . . AOE 66 | . 66 . . . Terrain Rammed . | . . . . . Walls Destroyed . | . . . . . Machines Disabled . | . . . . . Actions | -11 -10 -10 -10 -9 --------- Run | Yrd Mat Min Exi Min Total 657 | 71 179 347 29 31 Wait . | . . . . . Move 530 | 49 118 308 29 26 Hop . | . . . . . Pick Up 22 | 10 5 6 . 1 Fast Attach . | . . . . . Attach 16 | 7 3 6 . . Detach . | . . . . . Swap 3 | . 1 1 . 1 Drop 1 | . . 1 . . Fire 85 | 5 52 25 . 3 Melee . | . . . . . Ram . | . . . . . Kick . | . . . . . Crush . | . . . . . Escape Stasis . | . . . . . Rewire . | . . . . . Trap . | . . . . . Miscellaneous . | . . . . . Route ------- -11/Scrapyard -10/Materials -10/Mines -10/Exiles -9/Mines History --------- Turn | Location | Event 6 | -11/Scrapyard | Discovered new exit (range 15) 81 | -11/Scrapyard | Entered Materials 306 | -10/Materials | Build established: Mutant 310 | -10/Materials | Discovered new exit (range 14) 361 | -10/Materials | Entered Mines 362 | -10/Mines | Lost 3 parts (2p1w) 378 | -10/Mines | Learned Materials emergency access door positions 382 | -10/Mines | Met a Derelict bent on vengeance 391 | -10/Mines | Met a Derelict who couldn't figure out how to use a Trap Extractor 396 | -10/Mines | Core integrity fell below 50% 524 | -10/Mines | Core integrity fell below 20% 546 | -10/Mines | Lost 4 parts (1p1n1u1w) 660 | -10/Mines | Found a hidden stash of uninstalled traps 746 | -10/Mines | Learned location of Mines (-9) 815 | -10/Mines | Deemed a non-threat by the Exiles lab entrance 815 | -10/Mines | Discovered new exit (range 5) 820 | -10/Mines | Entered Exiles 820 | -10/Exiles | Found Exiles lab destroyed 840 | -10/Exiles | Discovered new exit (range 15) 855 | -10/Exiles | Entered Mines 856 | -9/Mines | Assembled infested the area 861 | -9/Mines | Assisted by a Guerilla fighting off Assembled 894 | -9/Mines | Destroyed by as-04687 with Assembled F-torch Last Messages --------------- 00778_ R-06 Scavenger collects Flight Unit. 00787_ T-07 Excavator is excavating. 00815_ "No threat detected, you may enter." 00815_ EXIT=FOUND LOCATION=UNKNOWN GOAL=ESCAPE 00840_ EXIT=FOUND LOCATION=UNKNOWN GOAL=ESCAPE 00856_ ALERT: Infestation in the mines, dispatching Demolisher response squad. 00861_ A derelict emerges from the shadows: "You need to get out of here! I've been tracking a group of Assembled to figure out where they're coming from, and they're closing on this area, come on!" 00861_ Acquired Med. Storage Unit. 00872_ HV Slug penetrates as-69859. 00872_ as-69859 suffers critical hit (Destroy). 00872_ as-69859 destroyed. 00872_ HV Slug penetrates Wall. 00873_ LB-6BO(h) knocked back. Map ----- +----------------------------------------------------+ | | | | | | | | | | | | | | | | | | | | | | | | | | | | | | | | | | | | | ???????????????????????????????????????????? | | ???????????????????????????????????????????? | | ???????????????????????????????????????????? | | ???????????????####??###???????????????????? | | ??????????????## ### ##??????????????????? | | ??????????????# #??????????????????? | | ?????????????## #??????????????????? | | ???????####### @ ##?????????????????? | | ???????# aaa #?????????????????? | | ???????# ##### #?????????????????? | | ??????## ### ##????? #????????????????? | | ?????## ### #??????? ???????????????? | | ????## =### #???????? ?????????????? | | ???## #?## #???????? #????????????? | | ???#! #### #????????? #???????????? | | ??## ! ## ##??????????? #???????????? | | ?## ## #####?????????????#???????????? | | ?# ##? %#?????????????????????????????? | | ?# ! ##???%#?????????????????????????????? | | ?# = ##???? "?????????????????????????????? | | ?## ##??????#"????????????????????????????? | | ??####???????? ???????????????????????????? | | ??????????????? ??????????????????????????? | | ???????????????? ?????????????????????????? | | ???????????????? ##????????????????????????? | | ???????????????????????????????????????????? | | ???????????????????????????????????????????? | | ???????????????????????????????????????????? | | ???????????????????????????????????????????? | | ???????????????????????????????????????????? | | ???????????????????????????????????????????? | | ???????????????????????????????????????????? | +----------------------------------------------------+ Best States ------------- Heat Dissipation 25 Energy Generation 14 Energy Capacity 275 Matter Stores 286 Matter Capacity 300 Sight Range 16 Terrain Scan Density 10 Evasion (%) 55 Item Schematics ----------------- None Robot Schematics ------------------ None Fabricated ------------ Nothing Alien Tech Used ----------------- None Achievements -------------- None Challenges ------------ None Game ------ Seed BorePropulsionRifle Manual? 0 Play Time 00:08:57 Cumulative 12.8 hours Start 2024.12.21 @ 14:20:12 End 2024.12.22 @ 11:24:33 Sessions 2 Manual Loads 0 Difficulty Rogue Special Mode None Game No. 66 Rogue 66 Adventurer 0 Explorer 0 Win Type - Total 0 Types 0/0/0/0/0/0/0/0/0 Lore% 11 Gallery% 17 Achievement% 21 Wizard Run 0 Options --------- Layout 0 ASCII 0 Keyboard 0 Movement Mouse Keybinds 0 Fullscreen 1 Font 18/SmallcapsGlow Map View 38x25 Zoom Use 99% Tactical HUD 1 Map Filters NONE Filters NONE Steam 1 RUN: 0aee24f4-55cc-4aab-afdd-c0e6db343f1c